 Dungeon Crawl Stone Soup version 0.30-a0-354-g6b83867211 (webtiles) character file.

Game seed: 12735572379399256922

46 flotson the Sneak (level 3, 0/43 HPs)
             Began as a Demonspawn Delver on Nov 7, 2022.
             Slain by an orc
             ... wielding a +2 hand axe of freezing
              (2 damage)
             ... on level 3 of the Dungeon.
             The game lasted 00:01:09 (192 turns).

flotson the Sneak (Demonspawn Delver)                Turns: 192, Time: 00:01:21

Health: 0/43       AC: 21    Str: 14    XL:     3   Next: 46%
Magic:  3/3        EV:  2    Int: 11    God:
Gold:   0          SH:  4    Dex: 14    Spells: 2/2 levels left

rFire   . . .      SeeInvis .    a - +0 hand axe
rCold   . . .      Faith    .    (no shield)
rNeg    . . .      Spirit   .    (body armour currently unavailable)
rPois   +          Reflect  .    (helmet currently unavailable)
rElec   .          Harm     .    (cloak currently unavailable)
rCorr   .          Rampage  .    (gloves currently unavailable)
Will    .....      NoTele   +    (boots currently unavailable)
Stlth   +++.......               (no amulet)
HPRegen 0.27/turn                (no ring)
MPRegen 0.08/turn                (no ring)

@: tree-form
A: stationary, stasis, torment immunity, boosted hp, (slimy green scales 1),
condensation shield
a: no special abilities


You were on level 3 of the Dungeon.
You were a tree.
You visited 1 branch of the dungeon, and saw 3 of its levels.

Inventory:

Hand Weapons
 a - a +0 hand axe (weapon)
Armour
 b - a +0 leather armour (melded)
Wands
 g - a wand of digging (3)
Scrolls
 c - a scroll of fog
 f - a scroll of poison {unknown}


   Skills:
 + Level 3.4 Fighting
 - Level 1.7 Axes
 + Level 1.1 Armour
 + Level 2.3 Dodging
 - Level 4.5 Stealth
 + Level 1.3 Evocations


You had 2 spell levels left.
You didn't know any spells.
Your spell library was empty.

Dungeon Overview and Level Annotations

Branches:
Dungeon (5/15)
 Temple: D:4-7

Altars:


Innate Abilities, Weirdness & Mutations

You are a tree.
Your roots penetrate the ground, keeping you stationary.
You cannot be teleported.
You are immune to unholy pain and torment.
Your maximum health is greatly increased.
Your equipment is partially melded.
((You are partially covered in slimy green scales. (AC +2)))
A meltable shield of frost defends you. (SH +4)


Message History

You block the adder's attack. You block the endoplasm's attack.
The orc hits you with a +2 hand axe of freezing.
The orc freezes you.
You are too injured to fight recklessly!
You are too injured to fight recklessly!
You are too injured to fight recklessly!
You are too injured to fight recklessly!
You are too injured to fight recklessly!
You are too injured to fight recklessly!
You are too injured to fight recklessly!
You barely miss the orc.
The orc is heavily wounded.
You barely miss the adder. You hit the endoplasm but do no damage.
You block the adder's attack. The endoplasm freezes you.
You are frozen.
* * * LOW HITPOINT WARNING * * *
The orc hits you with a +2 hand axe of freezing.
* * * LOW HITPOINT WARNING * * *
The orc freezes you.
* * * LOW HITPOINT WARNING * * *
The adder barely misses you.
You hit the orc but do no damage.
The orc is heavily wounded.
You closely miss the adder. You hit the endoplasm.
You kill the endoplasm!
The orc closely misses you. The adder bites you.
* * * LOW HITPOINT WARNING * * *
Unknown command.
It was a potion of lignification.
You turn into a tree.
Your +0 leather armour melds into your body.
Your roots penetrate the ground.
The adder bites you but does no damage. You block the orc's attack.
You hit the orc.
The orc is heavily wounded.
You hit the adder but do no damage. The adder bites you but does no damage.
The orc hits you with a +2 hand axe of freezing.
* * * LOW HITPOINT WARNING * * *
The orc freezes you.
You die...

... ##.. ###.
... #...)
..####...#
#.#...... ..
#<. ...
#..####.##o# .#
#..#...†S♣.#..#
......#..###.#
..$..........##
[.#............
..............#
..####........#
# ##.#.....#
#>#.....#
#......$#


You could see an adder and an orc.

Vanquished Creatures
  A hound (D:5)
  An adder (D:3)
  An endoplasm (D:3)
  2 hobgoblins (D:3)
  A quokka (D:4)
  A frilled lizard (D:3)
7 creatures vanquished.

Notes
Turn   | Place    | Note
-------+----------+-------------------------------------------
     0 | D:5      | flotson the Demonspawn Delver began the quest for the Orb.
     0 | D:5      | Reached XP level 1. HP: 18/18 MP: 1/1
     4 | D:5      | Noticed a hound
     6 | D:5      | Noticed a howler monkey
    19 | D:5      | Killed a hound
    20 | D:5      | Reached skill level 1 in Armour
    20 | D:5      | Reached skill level 1 in Evocations
    20 | D:5      | Gained mutation: You are partially covered in slimy green
                  | scales. (AC +2) [demonic ancestry]
    20 | D:5      | Reached XP level 2. HP: 15/24 MP: 2/2
    20 | D:5      | Gained mutation: A meltable shield of frost defends you.
                  | (SH +4) [demonic ancestry]
    20 | D:5      | Reached XP level 3. HP: 19/29 MP: 3/3
    82 | D:5      | Noticed an ogre
   192 | D:3      | HP: 2/43 [orc/+2 hand axe of freezing (4)]
   192 | D:3      | Slain by an orc

Illustrated notes

Levels and vault maps discovered:
D:3:      layout_rooms, uniq_ijyb, uniq_sigmund
D:4:      layout_loops_corners, nicolae_kikubaaqudgha_miasma_corner,
          nicolae_ru_sacrificial_ziggurat, gammafunk_ghost_icy,
          nicolae_shop_overcharged_wands
D:5:      layout_basic

Skill      XL: |  1 |
---------------+----+-----
Armour         | 1 |  1.1
Dodging        | 2 |  2.3
Evocations     | 1 |  1.3
Fighting       | |  3.4
Axes           | |  1.7
Stealth        | |  4.5

Action                   || total
-------------------------++-------
Melee: Hand axe          ||    32
  Use: Potion            ||     2
       Scroll            ||     2
Armor: Leather armour    ||     8
       Skin              ||     2
Dodge: Dodged            ||    26
Block: Other             ||    13

Table legend: (Time is in decaauts)
 A = Elapsed time spent in this place.
 B = Non-inter-level travel time spent in this place.
 C = Inter-level travel time spent in this place.
 D = Time resting spent in this place.
 E = Time spent auto-exploring this place.
 F = Levels seen in this place.
 G = Mean time per level.
                   A        B        C        D        E       F      G
               +--------+--------+--------+--------+--------+-----+--------+
         Total |    179 |    179 |      0 |      0 |     48 |   3 |   59.7 |
       Dungeon |    179 |    179 |      0 |      0 |     48 |   3 |   59.7 |
               +--------+--------+--------+--------+--------+-----+--------+

Top non-repeatable levels by time:
     D:5: 108 daAuts
     D:4: 38 daAuts
     D:3: 32 daAuts
